Map: Disco Bloodbath LE

Players

JermStudDog

  • Race: Zerg Zerg
  • League: Master
  • Spawn Location: 9:00

llllllllllll - Winner!

  • Race: Terran Terran
  • League: Master
  • Spawn Location: 3:00

VOD

Have the link to the VOD?

Description

Time

  • Played on: Sept. 1, 2019, 7:03 p.m.
  • Length: 7:52
Show
View Real Time Build Order
Export as new Build Order

JermStudDog Zerg 

Build Orders: Pool First 

Get SALT Encoding   

  12  0:00  Drone  
  13  0:09  Drone  
  14  0:17  Overlord  
  14  0:34  Spawning Pool  
  13  0:37  Drone  
  13  0:41  Drone  
  15  0:48  Drone  
  16  0:59  Drone  
  17  1:20  Hatchery  
  17  1:21  Drone  
  17  1:24  Extractor  
  16  1:26  Drone  
  17  1:33  Roach Warren  
  17  1:37  Drone  
  17  1:48  Drone  
  17  1:49  Drone  
  19  1:56  Drone  
  20  2:08  Hatchery  
  19  2:18  Zergling x2  
  19  2:20  Zergling x2  
  21  2:31  Overlord, Queen  
  22  2:42  Queen  
  24  2:59  Roach x3  
  30  3:05  Metabolic Boost  
  30  3:14  Roach  
  32  3:28  Roach  
  32  3:33  Roach  
  36  3:36  Queen  
  32  3:52  Roach  
  30  4:07  Roach  
  30  4:10  Drone x3  
  30  4:16  Roach  
  31  4:24  Drone  
  31  4:25  Drone x3  
  35  4:42  Drone x2  
  35  4:43  Drone, Lair  
  34  4:47  Queen  
  34  4:51  Extractor  
  33  4:53  Extractor  
  32  5:02  Drone x4  
  32  5:03  Overlord  
  36  5:17  Overlord  
  35  5:23  Extractor, Zergling x4  
  35  5:24  Zergling x8  
  35  5:28  Queen  
  42  5:36  Zergling x4  
  44  5:45  Drone, Spire  
  44  5:46  Drone  
  45  5:58  Drone x2  
  45  5:59  Drone x2  
  49  6:06  Queen  
  49  6:10  Drone  
  52  6:16  Overlord  
  52  6:31  Hatchery  
  50  6:52  Drone  
  50  6:53  Drone x9  
  60  7:04  Overlord  
  60  7:05  Overlord  
  60  7:13  Drone  
  60  7:14  Extractor  
  60  7:15  Extractor  
  57  7:23  Zergling x2  
  57  7:24  Overlord  
  56  7:32  Zergling x8  
Show
View Real Time Build Order
Export as new Build Order

llllllllllll Terran - Winner!

Build Orders: Reaper Expand 

Get SALT Encoding   

  12  0:00  SCV  
  13  0:13  SCV  
  14  0:17  Supply Depot  
  14  0:25  SCV  
  15  0:38  SCV  
  15  0:40  Barracks  
  16  0:43  Refinery  
  16  0:50  SCV  
  17  1:02  SCV  
  18  1:14  SCV  
  19  1:27  Reaper, Orbital Command  
  20  1:39  Command Center  
  20  1:48  Supply Depot  
  20  1:53  SCV  
  21  1:59  Barracks Reactor  
  21  2:05  SCV  
  22  2:11  Bunker  
  22  2:18  SCV  
  22  2:20  Factory  
  23  2:30  SCV  
  24  2:37  Marine x2  
  24  2:41  Barracks  
  24  2:42  SCV  
  27  2:48  Refinery  
  27  2:54  SCV, Orbital Command  
  27  2:58  Marine x2  
  30  3:07  SCV  
  30  3:12  Factory Tech Lab  
  31  3:15  Marine x2  
  32  3:29  Barracks Tech Lab  
  32  3:34  Marine x2  
  33  3:36  Cyclone  
  33  3:38  SCV  
  30  3:50  Stimpack, Marine  
  29  4:01  Marine x2  
  29  4:06  SCV  
  28  4:11  Cyclone  
  31  4:17  SCV  
  32  4:30  Starport  
  32  4:31  SCV x2  
  34  4:43  SCV  
  35  4:48  SCV  
  35  4:50  Marine x2  
  35  4:51  Marine  
  39  4:58  SCV  
  40  5:00  Factory Reactor  
  40  5:08  Marine x3  
  40  5:11  SCV  
  45  5:23  Supply Depot  
  45  5:24  Medivac  
  46  5:29  SCV x2  
  46  5:32  Supply Depot  
  48  5:36  Marine x3  
  48  5:40  Combat Shield  
  48  5:42  SCV x2  
  53  5:53  Command Center  
  53  5:54  SCV x2  
  55  6:06  Marine x2, SCV x2  
  59  6:17  Medivac x2  
  59  6:18  SCV  
  64  6:19  SCV  
  64  6:22  Supply Depot  
  65  6:30  SCV  
  65  6:31  SCV  
  67  6:42  Marine x2, SCV  
  67  6:43  Marine  
  67  6:44  SCV  
  72  6:54  SCV  
  72  6:56  SCV  
  72  7:01  Engineering Bay x2  
  74  7:02  Marine x2  
  74  7:03  Marine  
  74  7:06  SCV  
  74  7:07  Barracks  
  74  7:08  Orbital Command  
  78  7:09  SCV  
  78  7:10  Starport Reactor  
  78  7:11  Factory Reactor  
  76  7:19  SCV  
  76  7:20  Marine  
  78  7:23  SCV  
  78  7:25  Refinery  
  78  7:26  Refinery  
Tags
 
Add a new tag
Caveats
  • Supply blocks, unpowered buildings, or Contaminate may cause inaccurate times.
  • Supply counts are checked every 10 seconds.